 Dungeon Crawl Stone Soup version 0.27.0-1-g7a089689b8 (webtiles) character file.

Game seed: 6499015149520815587

286 nxtlvl the Poker (level 6, -5/44 HPs)
             Began as a Human Gladiator on Aug 4, 2021.
             Slain by a gnoll (8 damage)
             ... on level 5 of the Dungeon.
             The game lasted 00:20:22 (1487 turns).

nxtlvl the Poker (Human Gladiator)                  Turns: 1487, Time: 00:20:23

Health: -5/44      AC:  8    Str: 15    XL:     6   Next: 56%
Magic:  6/6        EV:  7    Int:  8    God:
Gold:   170        SH:  0    Dex: 22    Spells: 5/5 levels left

rFire    . . .     SeeInvis .   a - +0 trident
rCold    . . .     Faith    .   (no shield)
rNeg     . . .     Spirit   .   b - +0 leather armour
rPois    .         Reflect  .   c - +0 helmet
rElec    .         Harm     .   (no cloak)
rCorr    .         Rampage  .   (no gloves)
Will     .....                  (no boots)
Stlth    ++........             (no amulet)
HPRegen  0.14/turn              f - +4 ring of protection
MPRegen  0.10/turn              h - +6 ring of dexterity

@: held
A: no striking features
a: no special abilities


You were on level 5 of the Dungeon.
You visited 1 branch of the dungeon, and saw 6 of its levels.

You collected 170 gold pieces.

Inventory:

Hand Weapons
 a - a +0 trident (weapon)
Missiles
 j - 13 poisoned darts (quivered)
 m - 22 sling bullets
Armour
 b - a +0 leather armour (worn)
 c - a +0 helmet (worn)
Jewellery
 f - a +4 ring of protection (left hand)
 h - a +6 ring of dexterity (right hand)
Scrolls
 d - a scroll of teleportation {unknown}
 g - 2 scrolls of identify {unknown}
 i - a scroll of magic mapping {unknown}
 k - a scroll of torment {unknown}
 o - a scroll of vulnerability {unknown}
 q - a scroll of amnesia {unknown}
 t - a scroll of enchant armour {unknown}
 u - a scroll of silence {unknown}
Potions
 e - a potion of haste
 l - a potion of magic {unknown}
 n - a potion of brilliance {unknown}
 p - a potion of flight {unknown}
 r - a potion of resistance
 s - a potion of degeneration {unknown}


   Skills:
 - Level 2.0 Fighting
 + Level 6.9 Polearms
 - Level 2.0 Throwing
 - Level 3.0 Dodging


You had 5 spell levels left.
You didn't know any spells.
Your spell library contained the following spells:

 Spells                   Type           Power      Damage    Failure   Level
 Animate Skeleton         Necr           0%         N/A       47%         1
 Apportation              Tloc           0%         N/A       47%         1
 Corona                   Hex            0%         N/A       47%         1
 Summon Small Mammal      Summ           0%         N/A       47%         1
 Passage of Golubria      Tloc           N/A        N/A       99%         4
 Silence                  Hex/Air        0%         N/A       100%        5
 Lehudib's Crystal Spear  Conj/Erth      0%         10d2      100%        8


Dungeon Overview and Level Annotations

Branches:
Dungeon (6/15)
 Temple: D:4-7

Altars:
Gozag
Nemelex Xobeh
Okawaru
Zin

Annotations:
D:3 exclusion: downstairs
D:4 exclusion: downstairs
D:5 exclusion: upstairs
D:6 exclusion: 2 upstairs


Message History

Unknown command.
Found 19 gold pieces.
g - 2 scrolls labelled KEHEUR GATU (gained 1)
Found a chain mail.
You see here 19 gold pieces.
You now have 170 gold pieces (gained 19).
The gnoll sergeant shouts!
There is an open door here.
A gnoll comes into view. It is wielding a +0 club.
There is a stone staircase leading down here.
You climb downwards.
Level annotation: exclusion: 2 upstairs
There is a stone staircase leading up here.
There is a stone staircase leading up here.
An iguana and an ogre come into view.
Things that are here:
a +0 dagger; a kobold corpse
There is a stone staircase leading up here.
You climb upwards.
Level annotation: exclusion: upstairs A gnoll comes into view.
It is wielding a +0 spear.
The gnoll barely misses you. The gnoll hits you with a +0 spear!
The gnoll hits you but does no damage. x2
There is a stone staircase leading down here.
The gnoll closely misses you. The gnoll hits you with a +0 club.
* * * LOW HITPOINT WARNING * * *
The gnoll hits you from afar with a +0 spear.
* * * LOW HITPOINT WARNING * * *
The gnoll hits you from afar with a +0 spear.
* * * LOW HITPOINT WARNING * * *
A scorpion comes into view.
The gnoll throws a throwing net.
The throwing net hits you.
You become entangled in the net!
You see here a throwing net.
You struggle against the net.
You struggle against the net.
The gnoll hits you from afar with a +0 spear.
* * * LOW HITPOINT WARNING * * *
You struggle against the net.
The gnoll hits you with a +0 club!
You die...

..##.g..#....# ###
.......g......##..##
....#########......#
.....#.......#......#
.... #.......#......#
.g. #.......#.>....#
### .g.
#..._...g......# #.###
#.....g.#.##..#####....
#.....@.#g##..##..#....
#.......#.#g......#....
####^####.#.......#####
.........#...>...#
..s#.....#g..##..#
#....#...>.'...##..##[
#... #.....#...#......
#... #.....#...'......
####..##..######.


You could see a scorpion and 2 gnolls.

Vanquished Creatures
  A kobold brigand (D:6)
  A bullfrog (D:5)
  A water moccasin skeleton (D:5)
  3 adders
  2 white imps
  2 ufetubi (D:5)
  A worm (D:4)
  3 dart slugs
  An orc (D:5)
  2 endoplasms
  2 giant cockroaches
  2 goblins
  7 jackals
  8 kobolds
  2 quokkas (D:3)
  5 ball pythons
  2 frilled lizards
  3 rats
48 creatures vanquished.

Notes
Turn   | Place    | Note
-------+----------+-------------------------------------------
     0 | D:1      | nxtlvl the Human Gladiator began the quest for the Orb.
     0 | D:1      | Reached XP level 1. HP: 16/16 MP: 1/1
   141 | D:3      | Reached XP level 2. HP: 22/22 MP: 2/2
   184 | D:3      | Found a faded altar of an unknown god.
   266 | D:3      | Reached skill level 4 in Polearms
   266 | D:3      | Reached XP level 3. HP: 21/27 MP: 3/3
   307 | D:3      | Found an opulent altar of Gozag.
   308 | D:3      | Found an iron altar of Okawaru.
   489 | D:3      | Reached XP level 4. HP: 26/33 MP: 4/4
   729 | D:5      | Entered Level 5 of the Dungeon
   731 | D:5      | Noticed a water moccasin
   781 | D:4      | Noticed a black bear
   818 | D:4      | Reached skill level 5 in Polearms
  1003 | D:5      | Noticed a bullfrog
  1018 | D:5      | Killed a bullfrog
  1019 | D:5      | Reached XP level 5. HP: 35/38 MP: 5/5
  1186 | D:5      | Noticed an ogre
  1203 | D:6      | Noticed a kobold brigand
  1218 | D:6      | Killed a kobold brigand
  1219 | D:6      | Reached skill level 6 in Polearms
  1219 | D:6      | Reached XP level 6. HP: 31/44 MP: 6/6
  1230 | D:5      | Found a sparkling altar of Nemelex Xobeh.
  1364 | D:5      | Noticed an ice beast
  1367 | D:5      | Found a glowing silver altar of Zin.
  1464 | D:6      | Noticed an ogre
  1487 | D:5      | Slain by a gnoll

Illustrated notes

Levels and vault maps discovered:
D:1:      zelgadis_glass_arrival_small, layout_basic, minmay_tall_x
D:2:      layout_loops_ring, chequers_decorated_corner, chequers_mini_garden
D:3:      layout_rooms, gammafunk_temple_overflow_statue,
          beargit_hepliaklqana_dungeon_heroes, basic_ecumenical_altar,
          minmay_close_crescents
D:4:      layout_basic
D:5:      layout_gridville, lemuel_tele_altar,
          mainiacjoe_overflow_surrounded_room, eino_tiny_chamber,
          nrook_mini_vaults, minivault_19, minmay_ruined_shrine
D:6:      layout_loops_ring, nicolae_overflow_crystal_walls,
          minmay_temple_entry_gardened_gates, st_stairs_2, minmay_circle_x,
          uniq_crazy_yiuf_cottage, uniq_grinder, uniq_blork_the_orc

Skill      XL: |  1  2  3  4  5 |
---------------+----------------+-----
Polearms       | 4 5 6 |  6.9
Fighting       | |  2.0
Throwing       | |  2.0
Dodging        | |  3.0

Action                   |  1- 3 |  4- 6 || total
-------------------------+-------+-------++-------
Melee: Trident           |    95 |   104 ||   199
Throw: Throwing net      |     1 |     3 ||     4
  Use: Potion            |     1 |     2 ||     3
 Stab: Held in net/web   |     1 |       ||     1
       Distracted        |       |     1 ||     1
Armor: Leather armour    |    30 |    32 ||    62
Dodge: Dodged            |    46 |    54 ||   100
